 Dungeon Crawl Stone Soup version 0.17-a0-1882-g750edc8 (webtiles) character file.

29 Geeful the Ruffian (level 3, 0/27 HPs)
             Began as a Human Wanderer on Sept 22, 2015.
             Killed from afar by Sigmund (9 damage)
             ... with a puff of flame
             ... on level 2 of the Dungeon.
             The game lasted 00:04:21 (2064 turns).

Geeful the Ruffian (Human Wanderer)                 Turns: 2064, Time: 00:04:21

Health: 0/27       AC:  6    Str: 14    XL:     3   Next: 32%
Magic:  3/3        EV: 16    Int: 11    God:
Gold:   88         SH:  0    Dex: 17    Spells: 0 memorised, 2 levels left

rFire  . . .     SeeInvis .       - Unarmed
rCold  . . .     Clarity  .     d - +1 ring mail
rNeg   . . .     SustAt   .     (no shield)
rPois  .         Gourm    .     (no helmet)
rElec  .         Spirit   .     (no cloak)
rCorr  .         Warding  .     (no gloves)
rMut   .         Stasis   .     (no boots)
MR     .....                    (no amulet)
Stlth  ++........               (no ring)
                                (no ring)

@: agile, very slightly contaminated, not resistant to hostile enchantments,
unstealthy
A: no striking features
a: no special abilities


You were on level 2 of the Dungeon.
You were not hungry.

You visited 1 branch of the dungeon, and saw 2 of its levels.

You collected 88 gold pieces.

Inventory:

Armour
 d - a +1 ring mail (worn)
 e - a +0 robe
 f - a +0 chain mail
Jewellery
 a - an uncursed ring of ice
 i - a -6 ring of strength
Scrolls
 b - 3 scrolls of remove curse
Comestibles
 g - a bread ration
 h - a royal jelly


   Skills:
 - Level 2.0 Fighting
   Level 2.0 Axes
 - Level 1.0 Throwing
 - Level 2.0 Dodging
 - Level 2.0 Stealth
   Level 1.0 Shields
 + Level 2.6 Unarmed Combat


You had 2 spell levels left.
You didn't know any spells.

Dungeon Overview and Level Annotations

Branches:
Dungeon (2/15)

Altars:

Annotations:
D:2 Sigmund


Message History

Read which item? (? for menu, Esc to quit)
As you read the scroll labeled OTRATI AHISK, it crumbles to dust.
It is a scroll of enchant armour.
Enchant which item? (? for menu, Esc to quit)
Your +0 ring mail glows green for a moment.
Sigmund opens the door.
Drink which item? (? for menu, Esc to quit)
You feel agile all of a sudden. Sigmund barely misses you.
You hit Sigmund but do no damage. You barely miss Sigmund.
Sigmund hits you with a scythe.
Your ring mail prevents you from hitting Sigmund.
Sigmund hits you with a scythe!
* * * LOW HITPOINT WARNING * * *
Drink which item? (? for menu, Esc to quit)
You feel better.
You closely miss Sigmund. Sigmund gestures at you while chanting.
The puff of flame hits you!
You die...

...........................
####(#############...###...
.(.(........ #...# ...
.#...####### #...# ..
.#...####### +...+
.#...#.....# #...#
.#...#.###.# #...#
.#...#.###(########
'#...#...#.##...@.#
.........#'##.###@#
..##.##.....#.###'####
..##..'.....#........#
..#####.....#........# ..#
#.....#........#
..#####.....#....†...#
##(.........#.###+###.....
............#.# .....


You could see Sigmund.

Vanquished Creatures
  A worm (D:1)
  2 giant geckos (D:1)
  3 giant cockroaches (D:1)
  6 goblins
  A hobgoblin (D:1)
  2 kobolds
  A ball python (D:1)
  2 bats (D:1)
  2 giant newts
  6 rats
26 creatures vanquished.

Notes
Turn   | Place    | Note
--------------------------------------------------------------
     0 | D:1      | Geeful the Human Wanderer began the quest for the Orb.
     0 | D:1      | Geeful set off with: a +2 hand axe, a +0 hand crossbow, 23 bolts, a potion of lignification, a +0 robe, a +0 dagger, a bread ration, a !bad item (cl:100,ty:0,pl:0,pl2:0,sp:0,qu:0), a !bad item (cl:100,ty:0,pl:0,pl2:0,sp:0,qu:0), a !bad item (cl:100,ty:0,pl:0,pl2:0,sp:0,qu:0), a !bad item (cl:100,ty:0,pl:0,pl2:0,sp:0,qu:0), a !bad item (cl:100,ty:0,pl:0,pl2:0,sp:0,qu:0), a !bad item (cl:100,ty:0,pl:0,pl2:0,sp:0,qu:0), a !bad item (cl:100,ty:0,pl:0,pl2:0,sp:0,qu:0), a !bad item (cl:100,ty:0,pl:0,pl2:0,sp:0,qu:0), a !bad item (cl:100,ty:0,pl:0,pl2:0,sp:0,qu:0), a !bad item (cl:100,ty:0,pl:0,pl2:0,sp:0,qu:0), a !bad item (cl:100,ty:0,pl:0,pl2:0,sp:0,qu:0), a !bad item (cl:100,ty:0,pl:0,pl2:0,sp:0,qu:0), a !bad item (cl:100,ty:0,pl:0,pl2:0,sp:0,qu:0), a !bad item (cl:100,ty:0,pl:0,pl2:0,sp:0,qu:0), a !bad item (cl:100,ty:0,pl:0,pl2:0,sp:0,qu:0), a !bad item (cl:100,ty:0,pl:0,pl2:0,sp:0,qu:0), a !bad item (cl:100,ty:0,pl:0,pl2:0,sp:0,qu:0), a !bad item (cl:100,ty:0,pl:0,pl2:0,sp:0,qu:0), a !bad item (cl:100,ty:0,pl:0,pl2:0,sp:0,qu:0), a !bad item (cl:100,ty:0,pl:0,pl2:0,sp:0,qu:0), a !bad item (cl:100,ty:0,pl:0,pl2:0,sp:0,qu:0), a !bad item (cl:100,ty:0,pl:0,pl2:0,sp:0,qu:0), a !bad item (cl:100,ty:0,pl:0,pl2:0,sp:0,qu:0), a !bad item (cl:100,ty:0,pl:0,pl2:0,sp:0,qu:0), a !bad item (cl:100,ty:0,pl:0,pl2:0,sp:0,qu:0), a !bad item (cl:100,ty:0,pl:0,pl2:0,sp:0,qu:0), a !bad item (cl:100,ty:0,pl:0,pl2:0,sp:0,qu:0), a !bad item (cl:100,ty:0,pl:0,pl2:0,sp:0,qu:0), a !bad item (cl:100,ty:0,pl:0,pl2:0,sp:0,qu:0), a !bad item (cl:100,ty:0,pl:0,pl2:0,sp:0,qu:0), a !bad item (cl:100,ty:0,pl:0,pl2:0,sp:0,qu:0), a !bad item (cl:100,ty:0,pl:0,pl2:0,sp:0,qu:0), a !bad item (cl:100,ty:0,pl:0,pl2:0,sp:0,qu:0), a !bad item (cl:100,ty:0,pl:0,pl2:0,sp:0,qu:0), a !bad item (cl:100,ty:0,pl:0,pl2:0,sp:0,qu:0), a !bad item (cl:100,ty:0,pl:0,pl2:0,sp:0,qu:0), a !bad item (cl:100,ty:0,pl:0,pl2:0,sp:0,qu:0), a !bad item (cl:100,ty:0,pl:0,pl2:0,sp:0,qu:0), a !bad item (cl:100,ty:0,pl:0,pl2:0,sp:0,qu:0), a !bad item (cl:100,ty:0,pl:0,pl2:0,sp:0,qu:0), a !bad item (cl:100,ty:0,pl:0,pl2:0,sp:0,qu:0), a !bad item (cl:100,ty:0,pl:0,pl2:0,sp:0,qu:0), a !bad item (cl:100,ty:0,pl:0,pl2:0,sp:0,qu:0), a !bad item (cl:100,ty:0,pl:0,pl2:0,sp:0,qu:0), a !bad item (cl:100,ty:0,pl:0,pl2:0,sp:0,qu:0)
     0 | D:1      | Reached XP level 1. HP: 16/16 MP: 1/1
   421 | D:1      | Reached skill level 1 in Unarmed Combat
   450 | D:1      | Reached XP level 2. HP: 4/22 MP: 2/2
  1333 | D:1      | Reached XP level 3. HP: 10/27 MP: 3/3
  2035 | D:2      | Noticed Sigmund
  2064 | D:2      | Killed from afar by Sigmund

Vault maps used:
D:1:      ncdulo_wetmaze, minmay_cupped
D:2:      uniq_sigmund, uniq_robin

Action                   || total
-------------------------++-------
Melee: Unarmed           ||   141
  Use: Potion            ||     5
       Scroll            ||     3
 Stab: Sleeping          ||     1
  Eat: Chunk             ||     2
       Beef jerky        ||     1
